 Dungeon Crawl Stone Soup version 0.18.1-8-gdd0e5ea (webtiles) character file.

183 Gargoyl the Skirmisher (level 5, -3/42 HPs)
             Began as a Demonspawn Abyssal Knight on May 23, 2016.
             Was a Believer of Lugonu.
             Slain by an orc warrior
             ... wielding a +0 glaive
              (5 damage)
             ... on level 3 of the Dungeon.
             The game lasted 00:05:33 (2747 turns).

Gargoyl the Skirmisher (Demonspawn Abyssal Knight)  Turns: 2747, Time: 00:05:34

Health: -3/42      AC:  8    Str: 13    XL:     5   Next: 35%
Magic:  6/6        EV:  9    Int: 14    God:    Lugonu [**....]
Gold:   99         SH:  0    Dex: 12    Spells: 0 memorised, 4 levels left

rFire  + . .     SeeInvis .     a - +1 hand axe
rCold  x . .     Gourm    .     r - +0 scale mail
rNeg   . . .     Faith    .     (no shield)
rPois  .         Spirit   .     d - +0 helmet
rElec  .         Dismiss  .     (no cloak)
rCorr  .         Reflect  .     (no gloves)
SustAt .         Harm     .     (no boots)
MR     .....                    (no amulet)
Stlth  ++........               (no ring)
                                h - ring of fire

@: not resistant to hostile enchantments, unstealthy
A: hooves 1, nightstalker 2
a: Depart the Abyss, Bend Space, Renounce Religion


You were on level 3 of the Dungeon.
You worshipped Lugonu.
Lugonu was pleased with you.
You were not hungry.

You visited 1 branch of the dungeon, and saw 3 of its levels.
You visited the Abyss 1 time.

You collected 99 gold pieces.

Inventory:

Hand Weapons
 a - a +1 hand axe (weapon)
Armour
 d - a +0 helmet (worn)
 r - a +0 scale mail (worn)
Jewellery
 h - a ring of fire (left hand)
Scrolls
 f - a scroll of remove curse {unknown}
 i - 4 scrolls of noise {unknown}
 l - 4 scrolls of blinking {unknown}
 p - a scroll of enchant weapon {unknown}
 q - a scroll of teleportation {unknown}
 s - 2 scrolls of amnesia {unknown}
 u - 2 scrolls of fear {unknown}
 v - a scroll of fog {unknown}
 x - a scroll of random uselessness {unknown}
Potions
 g - a potion of magic {unknown}
 k - a potion of flight {unknown}
 m - a potion of haste {unknown}
 n - a potion of ambrosia {unknown}
 o - a potion of curing {unknown}
 t - a potion of brilliance {unknown}
 w - a potion of cancellation {unknown}
Miscellaneous
 e - an ornate deck of summoning
Comestibles
 b - a meat ration
 c - 3 bread rations
 j - 4 chunks of flesh
 z - 4 fruits
 A - a beef jerky


   Skills:
 + Level 3.7 Fighting
 + Level 2.6 Axes
 * Level 3.6 Armour
 + Level 2.0 Dodging
 + Level 0.2 Stealth
 + Level 2.6 Invocations


You had 4 spell levels left.
You didn't know any spells.

Dungeon Overview and Level Annotations

Branches:
Dungeon (3/15)

Altars:


Innate Abilities, Weirdness & Mutations

You have large cloven feet.
You are significantly more attuned to the shadows.


Message History

An orc comes into view. It is wielding a war axe.
The orc shouts!
An orc warrior comes into view. It is wielding a glaive.
You hear the brisk rusting of a drain nearby.
The orc warrior moves out of view.
You hit the orc but do no damage. The orc hits you with a war axe.
The orc warrior shouts!
You hit the orc but do no damage. The orc barely misses you.
You hit the orc but do no damage. The orc hits you with a war axe!
The orc warrior hits you from afar with a glaive.
An orc wizard comes into view. It is wielding a dagger.
You completely miss the orc.
The orc wizard shouts!
You kick the orc, but do no damage. The orc closely misses you.
The orc warrior hits you from afar with a glaive!
* * * LOW HITPOINT WARNING * * *
You hit the orc but do no damage. The orc hits you with a war axe.
* * * LOW HITPOINT WARNING * * *
The orc warrior hits you from afar with a glaive.
You die...

###.........##.....#
#....)...#########
###.....## ##...##
####.#### #####
#.......# ##...##
#.##.##.###.....#
######.##.##.##.......
..ooo@..#.............
#.####..####.##.......
#..# #.###.....# #....
..# ##...## ##.######
##### .#


You could see an orc warrior, an orc wizard and an orc.

Vanquished Creatures
  Ijyb (D:3)
  An orc wizard (D:3)
  Robin (D:2)
  A gnoll (D:1)
  4 adders
  2 worms (D:2)
  3 orcs (D:3)
  2 ball pythons (D:1)
  3 giant cockroaches
  12 goblins
  13 hobgoblins
  5 kobolds
  A quokka (D:3)
  4 bats
  A giant newt (D:3)
  11 rats
65 creatures vanquished.

Vanquished Creatures (others)
  2 starspawn tentacles (Abyss:3)
2 creatures vanquished.

Grand Total: 67 creatures vanquished

Notes
Turn   | Place    | Note
--------------------------------------------------------------
     0 | Abyss:1  | Gargoyl the Demonspawn Abyssal Knight began the quest for the Orb.
     0 | Abyss:1  | Reached XP level 1. HP: 18/18 MP: 2/2
    93 | Abyss:3  | Noticed a tentacled starspawn
   107 | Abyss:3  | Noticed an efreet
   108 | D:1      | Escaped the Abyss
   338 | D:1      | Reached skill level 1 in Dodging
   519 | D:1      | Gained mutation: You have large cloven feet. [demonic ancestry]
   519 | D:1      | Reached XP level 2. HP: 21/24 MP: 3/3
   529 | D:1      | Reached * piety under Lugonu
   827 | D:1      | Gained mutation: You are slightly more attuned to the shadows. [demonic ancestry]
   827 | D:1      | Reached XP level 3. HP: 24/29 MP: 4/4
  1666 | D:2      | Noticed Robin
  1689 | D:2      | Reached ** piety under Lugonu
  1702 | D:2      | Reached XP level 4. HP: 22/35 MP: 5/5
  1718 | D:2      | Killed Robin
  2399 | D:3      | Gained mutation: You are significantly more attuned to the shadows. [demonic ancestry]
  2399 | D:3      | Reached XP level 5. HP: 32/41 MP: 6/6
  2554 | D:3      | Noticed Ijyb
  2573 | D:3      | Killed Ijyb
  2742 | D:3      | Noticed an orc warrior
  2747 | D:3      | HP: 2/42 [orc/war axe (6)]
  2747 | D:3      | Slain by an orc warrior

Skill      XL: |  1  2  3  4  5 |
---------------+----------------+-----
Dodging        | 1 2 |  2.0
Armour         | 2 3 |  3.6
Axes           | 2 |  2.6
Fighting       | |  3.7
Stealth        | |  0.2
Invocations    | |  2.6

Action                   |  1- 3 |  4- 6 || total
-------------------------+-------+-------++-------
Melee: Hand axe          |   149 |    97 ||   246
       Kick              |    24 |    22 ||    46
Invok: Depart the Abyss  |     1 |       ||     1
  Use: Potion            |       |     2 ||     2
 Stab: Sleeping          |     1 |     2 ||     3
  Eat: Chunk             |     2 |     4 ||     6
Armor: Ring mail         |    36 |       ||    36
       Leather armour    |     3 |       ||     3
       Scale mail        |    22 |    55 ||    77
Dodge: Dodged            |    66 |    38 ||   104
